 Dungeon Crawl Stone Soup version 0.27-a0-1101-ge311f74bc8 (webtiles) character file.

Game seed: 6481378363869327374

378 siradein the Slasher (level 6, -5/44 HPs)
             Began as a Vampire Gladiator on Apr 28, 2021.
             Succumbed to a water moccasin's poison
             ... on level 5 of the Dungeon.
             The game lasted 00:08:58 (3942 turns).

siradein the Slasher (Vampire Gladiator)            Turns: 3942, Time: 00:08:58

Health: -5/44      AC:  7    Str: 19    XL:     6   Next: 45%
Magic:  6/6        EV: 13    Int: 10    God:
Gold:   187        SH:  0    Dex: 18    Spells: 5/5 levels left

rFire    . . .     SeeInvis +   k - +2 dagger (freeze)
rCold    + . .     Faith    .   (no shield)
rNeg     . . .     Spirit   .   r - +0 leather armour {rC+}
rPois    .         Reflect  .   c - +0 helmet
rElec    .         Harm     .   n - +0 cloak
rCorr    .         Rampage  .   l - +0 pair of gloves
Will     .....                  v - +0 pair of boots
Stlth    +.........             (no amulet)
HPRegen  0.34/turn              o - +6 ring of strength
MPRegen  0.10/turn              (no ring)

@: lethally poisoned (-5 -> -34), healing quickly
A: alive, fangs 3, see invisible, unbreathing 1, vampiric 2
a: Exsanguinate


You were on level 5 of the Dungeon.
You visited 1 branch of the dungeon, and saw 5 of its levels.

You collected 187 gold pieces.

Inventory:

Hand Weapons
 a - a +0 long sword
 g - a +1 short sword of protection
 i - a +1 dagger of flaming
 k - a +2 dagger of freezing (weapon)
Missiles
 d - 3 throwing nets (quivered)
Armour
 c - a +0 helmet (worn)
 l - a +0 pair of gloves (worn)
 n - a +0 cloak (worn)
 p - a +0 tower shield
 r - a +0 leather armour of cold resistance (worn)
 v - a +0 pair of boots (worn)
Jewellery
 o - a +6 ring of strength (left hand)
Scrolls
 b - 2 scrolls of holy word {unknown}
 f - 2 scrolls of immolation {unknown}
 j - a scroll of identify {unknown}
 q - a scroll of brand weapon {unknown}
 s - a scroll of fear {unknown}
 w - a scroll of teleportation {unknown}
Potions
 e - 2 potions of heal wounds {unknown}
 h - a potion of flight {unknown}
 m - 2 potions of brilliance {unknown}
 t - a potion of curing {unknown}
 u - a potion of mutation {unknown}
 x - a potion of degeneration {unknown}


   Skills:
 - Level 1.7 Fighting
 + Level 7.4 Long Blades
 - Level 1.5 Throwing
 - Level 3.2 Dodging


You had 5 spell levels left.
You didn't know any spells.
Your spell library contained the following spells:

 Spells                   Type           Power      Damage    Failure   Level
 Beastly Appendage        Tmut           0%         N/A       41%         1
 Wereblood                Tmut           0%         N/A       56%         2
 Spider Form              Tmut/Pois      0%         N/A       80%         3
 Ice Form                 Ice/Tmut       0%         N/A       99%         4
 Hydra Form               Tmut           0%         N/A       100%        5


Dungeon Overview and Level Annotations

Branches:
Dungeon (5/15)
 Temple: D:4-7

Altars:

Annotations:
D:4 2 transporters, cobaltphoenix's ghost, amateur HOMo


Innate Abilities, Weirdness & Mutations

Your natural rate of healing is accelerated.
You have razor-sharp teeth.
You have supernaturally acute eyesight. (SInv)
You can survive without breathing.
You are afflicted with vampirism and can become a bat while bloodless.


Message History

The water moccasin poisons you!
You miss the water moccasin. Your bite misses the water moccasin.
The water moccasin is moderately wounded.
You feel very sick.
The water moccasin is no longer moving slowly.
You hit the water moccasin.
The water moccasin seems to slow down.
You freeze the water moccasin.
The water moccasin is moderately wounded.
You feel sick. The water moccasin bites you.
You are lethally poisoned!
The water moccasin poisons you!
You miss the water moccasin.
The water moccasin is moderately wounded.
You feel very sick. The water moccasin barely misses you.
You are too injured to fight recklessly!
You are too injured to fight recklessly!
You are too injured to fight recklessly!
You are too injured to fight recklessly!
You are too injured to fight recklessly!
You are too injured to fight recklessly!
You hit the water moccasin but do no damage.
The water moccasin is moderately wounded.
You feel very sick. The water moccasin bites you!
* * * LOW HITPOINT WARNING * * *
You hit the water moccasin. You freeze the water moccasin.
The water moccasin is heavily wounded.
* * * LOW HITPOINT WARNING * * *
You feel very sick.
You miss the water moccasin. You bite the water moccasin.
The water moccasin is heavily wounded.
* * * LOW HITPOINT WARNING * * *
You feel very sick.
The water moccasin is no longer moving slowly.
The water moccasin bites you.
* * * LOW HITPOINT WARNING * * *
You are more poisoned.
The water moccasin poisons you!
You die...

#..#
####.#########
#.............
#.............
#.............
#.......[.....
#.............
#.............
#####.@.######
##...#
......S...#
.......#..#
....... ...#
.(..... #..#
....... ..#
.....<. #..
....$.. ..#


You could see a water moccasin.

Vanquished Creatures
  An ogre (D:5)
  A phantom (D:4)
  A bullfrog zombie (D:5)
  2 orc wizards (D:3)
  Robin (D:2)
  4 adders
  An adder zombie (D:5)
  A dart slug (D:2)
  6 orcs
  4 endoplasms
  3 giant cockroaches
  6 goblins
  14 hobgoblins
  4 quokkas
  6 ball pythons
  9 bats
  4 frilled lizards
  8 kobolds
  4 rats
80 creatures vanquished.

Vanquished Creatures (others)
  6 plants (D:4)
6 creatures vanquished.

Grand Total: 86 creatures vanquished

Notes
Turn   | Place    | Note
-------+----------+-------------------------------------------
     0 | D:1      | siradein the Vampire Gladiator began the quest for the Orb.
     0 | D:1      | Reached XP level 1. HP: 16/16 MP: 1/1
   405 | D:1      | Reached XP level 2. HP: 9/22 MP: 2/2
   742 | D:2      | Reached skill level 4 in Long Blades
   816 | D:1      | Gained mutation: You are afflicted with vampirism and can
                  | become a bat while bloodless. [Vampire growth]
   816 | D:1      | Reached XP level 3. HP: 17/27 MP: 3/3
  1091 | D:2      | Found a faded altar of an unknown god.
  1283 | D:2      | Noticed Robin
  1304 | D:2      | Killed Robin
  1466 | D:2      | Reached XP level 4. HP: 33/33 MP: 4/4
  1507 | D:2      | Reached skill level 5 in Long Blades
  1765 | D:3      | Reached XP level 5. HP: 24/38 MP: 5/5
  2371 | D:3      | Reached skill level 6 in Long Blades
  2902 | D:4      | Noticed a phantom
  2932 | D:4      | Killed a phantom
  2969 | D:4      | Found a transporter.
  2989 | D:4      | Noticed cobaltphoenix's ghost (amateur HOMo)
  3075 | D:4      | Found a transporter.
  3688 | D:5      | Entered Level 5 of the Dungeon
  3695 | D:5      | Noticed an ogre
  3706 | D:5      | Killed an ogre
  3707 | D:5      | Reached skill level 7 in Long Blades
  3707 | D:5      | Reached XP level 6. HP: 40/44 MP: 6/6
  3924 | D:5      | Noticed a water moccasin
  3941 | D:5      | HP: 2/44 [water moccasin (2)]
  3942 | D:5      | Succumbed to a water moccasin's poison

Illustrated notes

Levels and vault maps discovered:
D:1:      elethiomel_arrival_infinity_welcomes_careful_drivers, layout_rooms
D:2:      minmay_evil_eye, layout_basic, ebering_ecumenical_altar_hall,
          minmay_pentomino_r2, uniq_robin
D:3:      layout_loops_corners, kennysheep_minor_cross
D:4:      layout_loops_cross, gammafunk_ghost_gnarly_gnolls, minmay_crossroads
D:5:      layout_basic, minmay_temple_entry_statues_fountains

Skill      XL: |  1  2  3  4  5 |
---------------+----------------+-----
Long Blades    | 4 5 7 |  7.4
Fighting       | |  1.7
Throwing       | |  1.5
Dodging        | |  3.2

Action                   |  1- 3 |  4- 6 || total
-------------------------+-------+-------++-------
Melee: Long sword        |    37 |       ||    37
       Bite              |    15 |    18 ||    33
       Short sword       |    82 |   155 ||   237
       Dagger            |       |    15 ||    15
 Stab: Sleeping          |     3 |     2 ||     5
Armor: Leather armour    |    47 |    76 ||   123
       Skin              |       |     7 ||     7
Dodge: Dodged            |    88 |   100 ||   188
       Rpst.: Long sword |     7 |       ||     7

Table legend: (Time is in decaauts)
 A = Elapsed time spent in this place.
 B = Non-inter-level travel time spent in this place.
 C = Inter-level travel time spent in this place.
 D = Time resting spent in this place.
 E = Time spent auto-exploring this place.
 F = Levels seen in this place.
 G = Mean time per level.
                   A        B        C        D        E       F      G
               +--------+--------+--------+--------+--------+-----+--------+
         Total |   3937 |   3830 |    107 |     86 |   3043 |   5 |  787.4 |
       Dungeon |   3937 |   3830 |    107 |     86 |   3043 |   5 |  787.4 |
               +--------+--------+--------+--------+--------+-----+--------+

Top non-repeatable levels by time:
     D:3: 1150 daAuts
     D:2: 856 daAuts
     D:4: 843 daAuts
     D:1: 840 daAuts
     D:5: 247 daAuts
